 Dungeon Sprint DCSS version 0.29.1-2-gbd0b4ee654 (webtiles) character file.

Game seed: 11990920295854739800

1390 Groucho the Fighter (level 8, -4/85 HPs)
             Began as a Naga Monk on Nov 16, 2022.
             Was a High Priest of Cheibriados.
             Slain by a merfolk
             ... wielding a +0 trident of venom
              (16 damage)
             ... in the Dungeon (Sprint V: "Ziggurat Sprint").
             The game lasted 00:03:17 (586 turns).

Groucho the Fighter (Naga Monk)                      Turns: 586, Time: 00:03:17

Health: -4/85      AC: 25    Str: 36    XL:     8   Next: 68%
Magic:  4/9        EV:  0    Int: 24    God:    Cheibriados [*****.]
Gold:   0          SH:  0    Dex: 25    Spells: 7/7 levels left

rFire   . . .      SeeInvis +   B - +14 obsidian axe {vorpal, Mesm Drain Fly SInv}
rCold   . . .      Faith    .   D - +18 shield of the Gong {rElec rN+ Will+ EV-5}
rNeg    + . .      Spirit   .   C - +15 Maxwell's patent armour {-Cast -Tele rElec Will+ rCorr}
rPois   +          Reflect  .   (no helmet)
rElec   +          Harm     .   (no cloak)
rCorr   +          Rampage  .   (no gloves)
Will    +++..      NoTele   +   (no barding)
Stlth   .......... NoCast   +   (no amulet)
HPRegen 0.24/turn               z - +6 ring of strength
MPRegen 0.11/turn               A - +6 ring of strength

@: flying, mesmerised, held, very slow
A: AC +2, large, see invisible, deformed body, poison resistance, slowness 2,
spit poison 1, naga tail 1
a: Spit Poison, Renounce Religion, Bend Time, Temporal Distortion, Slouch, Step
From Time


You were in the Dungeon.
You worshipped Cheibriados.
Cheibriados was extremely pleased with you.
You visited 1 branch

Inventory:

Hand Weapons
 B - the +14 obsidian axe (weapon) {vorpal, Mesm Drain Fly SInv}
   (You found it in the Dungeon)

   It inflicts extra damage upon your enemies.
   It occasionally summons demons to assist the wielder when it strikes in
   combat.
   Its wielder is mesmerised by any visible foes.
   It cannot be unequipped while any foes are visible.
   SInv:      It lets you see invisible.
   Fly:       It grants you flight.
   Drain:     It drains your maximum health when unequipped.
Armour
 a - +5 gold dragon scales
 C - the +15 Maxwell's patent armour (worn) {-Cast -Tele rElec Will+ rCorr}
   (You found it in the Dungeon)

   rElec:     It insulates you from electricity.
   -Cast:     It prevents spellcasting.
   -Tele:     It prevents most forms of teleportation.
   rCorr:     It protects you from acid and corrosion.
   Will:      It increases your willpower.
 D - the +18 shield of the Gong (worn) {rElec rN+ Will+ EV-5}
   (You found it in the Dungeon)

   It is deafeningly noisy when blocking attacks.
   EV:        It affects your evasion (-5).
   rElec:     It insulates you from electricity.
   rN:        It protects you from negative energy.
   Will:      It increases your willpower.
Jewellery
 u - a ring of flight
 v - a +6 ring of dexterity
 w - a +6 ring of dexterity
 x - a +6 ring of intelligence
 y - a +6 ring of intelligence
 z - a +6 ring of strength (left hand)
 A - a +6 ring of strength (right hand)
 E - a ring of willpower
Wands
 r - a wand of mindburst (7)
 s - a wand of iceblast (5)
 t - a wand of quicksilver (6)
Scrolls
 i - 4 scrolls of blinking
 n - 4 scrolls of amnesia
 o - 7 scrolls of butterflies
 p - 5 scrolls of identify
 q - 2 scrolls of fear
Potions
 b - 2 potions of brilliance
 c - a potion of ambrosia
 d - 10 potions of curing
 e - 7 potions of heal wounds
 g - 7 potions of magic
 h - 3 potions of berserk rage
 j - 2 potions of invisibility
 k - 4 potions of resistance
 l - a potion of experience
 m - 5 potions of might


   Skills:
 + Level 9.0 Fighting
 + Level 9.0 Axes
 + Level 6.9 Armour
 + Level 7.5 Dodging
 - Level 3.0 Stealth
 + Level 7.6 Shields
 * Level 1.9 Invocations


You had 7 spell levels left.
You didn't know any spells.
Your spell library contained the following spells:

 Spells                   Type           Power      Damage    Failure   Level
 Summon Guardian Golem    Hex/Summ       0%         N/A       99%         3
 Orb of Destruction       Conj           0%         9d5       100%        7
 Spellforged Servitor     Conj/Summ      0%         N/A       100%        7


Dungeon Overview and Level Annotations

Branches:
Dungeon (1/1)

Altars:
Ashenzari
Cheibriados
Dithmenos
Elyvilon
Fedhas
Gozag
Hepliaklqana
Kikubaaqudgha
Makhleb
Nemelex Xobeh
Okawaru
Qazlal
Ru
Sif Muna
Trog
Uskayaw
Vehumet
Wu Jian
Xom
Yredelemnul
Zin
The Shining One
Jiyva
Lugonu

Annotations:
D 1 transporter


Innate Abilities, Weirdness & Mutations

Your serpentine skin is tough. (AC +2)
You have supernaturally acute eyesight. (SInv)
Armour fits poorly on your strangely shaped body.
Your system is resistant to poisons. (rPois)
You cover ground very slowly.
You can spit poison.
You have a snake-like lower body.


Message History

You can feel time thicken for a moment.
Cheibriados lowers the support of your attributes as your movement quickens.
The merfolk barely misses your red devil.
The merfolk hits your red devil with a +0 trident of venom!
Your red devil dies!
Your red devil disappears in a puff of smoke!
Unknown command.
Unknown command.
Unknown command.
Visions of slaying the merfolk flood into your mind.
You block the merfolk's attack.
GONNNNG!
You block the merfolk's attack.
GONNNNG!
You block the merfolk's attack.
PTOANNNG!
The merfolk hits you but does no damage.
You block the merfolk's attack.
PANG!
The merfolk hits you from afar with a +0 trident of venom.
The merfolk throws a throwing net.
The throwing net hits you.
You become entangled in the net!
The merfolk hits you from afar with a +0 trident of venom!
The merfolk hits you from afar with a +0 trident!
The merfolk hits you but does no damage.
You see here a throwing net.
You struggle against the net.
The merfolk hits you from afar with a +0 trident!
The merfolk hits you with a +0 trident.
The merfolk hits you from afar with a +0 trident!
The merfolk hits you from afar with a +0 trident of venom!
* * * LOW HITPOINT WARNING * * *
Unknown command.
Unknown command.
You struggle against the net.
The merfolk hits you from afar with a +0 trident!
* * * LOW HITPOINT WARNING * * *
The merfolk hits you but does no damage.
The merfolk hits you from afar with a +0 trident of venom!
You die...

▓.†...▓.†...▓..©..▓
▓..©..▓..©†.▓▓▓▓▓▓▓
▓▓▓▓▓▓▓▓▓▓▓▓▓▓
▓..8©8...▓
▓..):[...▓
▓...:....▓
▓..mmm...▓
▓........▓
▓.▓.@m.▓.▓
▓...©....▓
▓▓▓▓▓▓▓▓▓▓


You could see 4 merfolk.

Vanquished Creatures
  2 deep elf knights (D)
  2 necrophages (D)
  3 scorpions (D)
  A bat zombie (D)
  A ball python zombie (D)
9 creatures vanquished.

Notes
Turn   | Place    | Note
-------+----------+-------------------------------------------
     0 | D        | Groucho the Naga Monk began the quest for the Orb.
     0 | D        | Reached XP level 1. HP: 21/21 MP: 1/1
    12 | D        | Found a shimmering blue altar of Sif Muna.
    12 | D        | Found a bloodstained altar of Trog.
    12 | D        | Found a sacrificial altar of Ru.
    12 | D        | Found a stormy altar of Qazlal.
    12 | D        | Found an iron altar of Okawaru.
    13 | D        | Found a sparkling altar of Nemelex Xobeh.
    13 | D        | Found a blossoming altar of Fedhas.
    13 | D        | Found the +6 Majin-Bo {vamp, MP+6 Int+6}
    13 | D        | Found the +9 heavy crossbow "Sniper" {vorpal, Acc+∞ SInv}
    13 | D        | Found the +10 dark maul {vorpal}
    13 | D        | Found the +15 Maxwell's patent armour {-Cast -Tele rElec
                  | Will+ rCorr}
    13 | D        | Found the +18 shield of the Gong {rElec rN+ Will+ EV-5}
    13 | D        | Found the +14 obsidian axe {vorpal, Mesm Drain Fly SInv}
    13 | D        | Found the +7 great mace "Firestarter" {inner flame, rF++}
    13 | D        | Found the +6 shillelagh "Devastator" {shatter}
    13 | D        | Found the +11 plutonium sword {Contam Stlth-}
    13 | D        | Found the +8 lance "Wyrmbane" {slay drac, rPois rF+ rC+
                  | AC+3}
    13 | D        | Found the +9 sword of Zonguldrok {reap}
    13 | D        | Found the +13 scythe of Curses {drain, Drain}
    13 | D        | Found the +5 sword of Power {vorpal}
    13 | D        | Found the +7 mace of Variability {chain chaos}
    13 | D        | Found the +7 Singing Sword {vorpal, sonic wave}
    13 | D        | Found the +8 storm bow {elec, penet}
    15 | D        | Found a transporter.
    15 | D        | Found an ancient bone altar of Kikubaaqudgha.
    15 | D        | Found a viscous altar of Jiyva.
    15 | D        | Found a corrupted altar of Lugonu.
    15 | D        | Found a hazy altar of Hepliaklqana.
    15 | D        | Found a burning altar of Makhleb.
    15 | D        | Found an opulent altar of Gozag.
    66 | D        | Became a worshipper of Cheibriados the Contemplative
    66 | D        | Reached * piety under Cheibriados
    66 | D        | Reached ** piety under Cheibriados
    81 | D        | Entered arena 2.
    81 | D        | Noticed a deep elf knight
    81 | D        | Noticed a deep elf knight
    81 | D        | Found a transporter.
    91 | D        | Killed a deep elf knight
    92 | D        | Reached skill level 5 in Armour
    92 | D        | Reached XP level 2. HP: 13/37 MP: 2/2
    92 | D        | Reached XP level 3. HP: 15/43 MP: 3/3
    92 | D        | Reached XP level 4. HP: 18/51 MP: 4/4
    92 | D        | Reached XP level 5. HP: 20/57 MP: 5/5
    92 | D        | Reached XP level 6. HP: 23/66 MP: 6/6
    92 | D        | Reached XP level 7. HP: 25/72 MP: 7/7
    93 | D        | Killed a deep elf knight
    94 | D        | Reached XP level 8. HP: 22/82 MP: 8/8
   543 | D        | Entered arena 3.
   543 | D        | Found a transporter.
   547 | D        | Reached *** piety under Cheibriados
   548 | D        | Reached **** piety under Cheibriados
   561 | D        | Entered arena 4.
   561 | D        | Found a transporter.
   566 | D        | Reached ***** piety under Cheibriados
   567 | D        | Reached skill level 1 in Invocations
   580 | D        | Entered arena 5.
   580 | D        | Noticed a merfolk
   580 | D        | Noticed a merfolk
   580 | D        | Noticed a merfolk
   580 | D        | Noticed a merfolk
   580 | D        | Found a transporter.
   586 | D        | Slain by a merfolk

Illustrated notes

Levels and vault maps discovered:
D:        sprint_v [room_start, room_1, room_2, room_3, room_4, room_5, room_6,
          room_7, room_8, room_9, room_10, room_11, room_12, room_13, room_14,
          room_15, room_16, room_17, room_18, room_19, room_20, room_21,
          room_22, room_23, room_24, room_25, room_26, room_27]

Skill      XL: |  1  2  3  4  5  6  7  8 |
---------------+-------------------------+-----
Fighting       | 7 8 9 |  9.0
Axes           | 7 8 9 |  9.0
Armour         | 5 6 |  6.9
Dodging        | 6 7 |  7.5
Shields        | 6 7 |  7.6
Invocations    | 1 |  1.9
Stealth        | |  3.0

Action                   |  1- 3 |  4- 6 |  7- 9 || total
-------------------------+-------+-------+-------++-------
Melee: Broad axe         |     4 |       |    11 ||    15
Invok: Slouch            |       |       |     1 ||     1
Evoke: Wand              |     3 |       |       ||     3
  Use: Potion            |     3 |       |       ||     3
Armor: Plate armour      |     5 |       |     4 ||     9
Block: Kite shield       |    13 |       |    17 ||    30
